General information
			
			
        
        - name: BNet
 
        - type: Ladder team game (AT/RT)
 
        - host: Battle.net
 
        - saver: BisuBadHairDay
 
        
map: HurricaneIsle 
        - players: 8
 
        - length: 34:25
 
        - speed: Fast
 - version: 1.22 W3XP
 - replay type:  Public
 
» download(303 KB)
Players
        team 1 (winner) 
              
              
BigBadManToss (
green | 115 APM | 3965 actions | 34:24)
              
 4 Mountain King 
 2 Storm Bolt
 2 Bash
 5 Archmage 
 3 Summon Water Elemental
 2 Brilliance Aura
 4 Paladin 
 2 Holy Light
 2 Divine Shield
 
                » actions 
                
                | Assign group hotkey | 37 |  | 
| Basic commands | 10 |  | 
| Build / train | 126 |  | 
| Enter build submenu | 48 |  | 
| Enter hero's abilities submenu | 15 |  | 
| Give item / drop item | 13 |  | 
| Remove unit from queue | 8 |  | 
| Right click | 1898 |  | 
| Select / deselect | 624 |  | 
| Select group hotkey | 968 |  | 
| Use ability | 216 |  | 
                3965 total
 » units 
                
                | Peasant | 20 |  | 
| Goblin Shredder | 2 |  | 
| Goblin Zeppelin | 3 |  | 
| Dragonhawk Rider | 6 |  | 
                31 total
 » upgrades
                
                | Masonry | 3 |  | 
| Lumber Harvesting | 2 |  | 
| Cloud | 1 |  | 
| Swords | 3 |  | 
| Armor | 3 |  | 
| Animal War Training | 1 |  | 
| Backpack | 1 |  | 
                14 total
 » buildings
                
                | Altar of Kings | 2 |  | 
| Farm | 13 |  | 
| Lumber Mill | 2 |  | 
| Scout Tower | 55 |  | 
| Keep | 2 |  | 
| Arcane Tower | 4 |  | 
| Arcane Vault | 1 |  | 
| Guard Tower | 23 |  | 
| Town Hall | 1 |  | 
| Castle | 2 |  | 
| Gryphon Aviary | 2 |  | 
| Blacksmith | 1 |  | 
| Barracks | 1 |  | 
                109 total
 » build order
                00:09 Altar of Kings
00:19 Farm
00:39 Farm
01:40 Lumber Mill
01:44 Scout Tower
03:17 Keep
03:18 Arcane Tower
03:33 Arcane Vault
03:52 Scout Tower
03:55 Scout Tower
03:57 Scout Tower
04:21 Guard Tower
04:51 Guard Tower
05:20 Guard Tower
06:26 Town Hall
07:39 Scout Tower
08:00 Scout Tower
08:01 Scout Tower
08:03 Scout Tower
08:24 Castle
08:30 Scout Tower
08:31 Scout Tower
08:31 Scout Tower
08:34 Guard Tower
09:15 Guard Tower
09:16 Arcane Tower
09:29 Scout Tower
09:32 Guard Tower
10:05 Guard Tower
10:06 Guard Tower
10:06 Guard Tower
10:07 Guard Tower
10:34 Scout Tower
10:35 Scout Tower
10:40 Guard Tower
11:14 Guard Tower
11:14 Guard Tower
11:39 Gryphon Aviary
11:40 Gryphon Aviary
11:42 Blacksmith
11:44 Barracks
12:07 Scout Tower
12:08 Scout Tower
13:03 Farm
13:06 Farm
13:08 Farm
13:08 Farm
13:23 Guard Tower
13:24 Arcane Tower
14:12 Farm
20:03 Scout Tower
20:04 Scout Tower
20:05 Scout Tower
24:08 Altar of Kings
24:11 Lumber Mill
26:14 Scout Tower
26:16 Scout Tower
26:20 Farm
26:21 Farm
26:22 Farm
26:23 Farm
26:25 Farm
26:26 Farm
26:43 Keep
27:00 Arcane Tower
27:30 Guard Tower
27:31 Scout Tower
27:32 Scout Tower
28:38 Guard Tower
29:59 Scout Tower
29:59 Scout Tower
30:01 Scout Tower
30:01 Scout Tower
30:02 Scout Tower
30:02 Scout Tower
30:03 Scout Tower
30:05 Scout Tower
30:06 Scout Tower
30:06 Scout Tower
30:08 Scout Tower
30:08 Scout Tower
30:09 Scout Tower
30:10 Scout Tower
30:11 Scout Tower
30:12 Scout Tower
30:13 Scout Tower
30:14 Scout Tower
30:15 Scout Tower
30:16 Scout Tower
30:17 Scout Tower
30:18 Scout Tower
30:19 Scout Tower
30:20 Scout Tower
30:22 Scout Tower
30:23 Scout Tower
30:25 Scout Tower
30:25 Scout Tower
30:25 Scout Tower
30:26 Scout Tower
30:28 Scout Tower
30:28 Scout Tower
30:29 Guard Tower
30:29 Guard Tower
30:47 Guard Tower
31:00 Guard Tower
31:49 Guard Tower
32:08 Castle
32:10 Guard Tower
32:39 Guard Tower
» items
                
                | Scroll of Regeneration | 3 |  | 
| Lesser Clarity Potion | 3 |  | 
| Staff of Sanctuary | 2 |  | 
| Potion of Lesser Invulnerability | 2 |  | 
| Potion of Mana | 2 |  | 
| Scroll of Town Portal | 2 |  | 
| Tiny Great Hall | 1 |  | 
| Orb of Lightning | 1 |  | 
| Healing Salve | 2 |  | 
| Sobi Mask | 1 |  | 
| Legion Doom-Horn | 1 |  | 
| Boots of Speed | 2 |  | 
| Potion of Invulnerability | 1 |  | 
| Medallion of Courage | 1 |  | 
| Belt of Giant Strength +6 | 1 |  | 
                25 total
  
               
              
              
BisuBadHairDay (
teal | 96 APM | 3301 actions | 34:25)
              
 7 Demon Hunter 
 3 Evasion
 3 Mana Burn
 1 Metamorphosis
 6 Keeper of the Grove 
 3 Entangling Roots
 1 Force of Nature
 1 Thorns Aura
 1 Tranquility
 5 Pandaren Brewmaster 
 3 Breath of Fire
 1 Drunken Haze
 1 Drunken Brawler
 
                » actions 
                
                | Assign group hotkey | 99 |  | 
| Basic commands | 22 |  | 
| Build / train | 127 |  | 
| Enter build submenu | 25 |  | 
| Enter hero's abilities submenu | 18 |  | 
| Give item / drop item | 15 |  | 
| Remove unit from queue | 14 |  | 
| Right click | 1294 |  | 
| Select / deselect | 708 |  | 
| Select group hotkey | 870 |  | 
| Use ability | 109 |  | 
                3301 total
 » units 
                
                | Wisp | 22 |  | 
| Archer | 8 |  | 
| Hippogryph | 11 |  | 
| Goblin Zeppelin | 1 |  | 
| Chimaera | 2 |  | 
                44 total
 » upgrades
                
                | Improved Bows | 1 |  | 
| Strength of the Wild | 3 |  | 
| Reinforced Hides | 4 |  | 
| Marksmanship | 1 |  | 
| Well Spring | 2 |  | 
| Hippogryph Taming | 1 |  | 
| Ultravision | 1 |  | 
| Corrosive Breath | 1 |  | 
                14 total
 » buildings
                
                | Altar of Elders | 1 |  | 
| Moon Well | 7 |  | 
| Ancient of War | 1 |  | 
| Tree of Ages | 3 |  | 
| Hunter's Hall | 1 |  | 
| Ancient of Wonders | 1 |  | 
| Tree of Life | 3 |  | 
| Ancient of Wind | 2 |  | 
| Tree of Eternity | 4 |  | 
| Chimaera Roost | 2 |  | 
| Ancient Protector | 1 |  | 
                26 total
 » build order
                00:04 Altar of Elders
00:18 Moon Well
01:00 Ancient of War
01:32 Moon Well
02:41 Moon Well
03:30 Tree of Ages
03:30 Tree of Ages
03:53 Moon Well
04:19 Hunter's Hall
05:00 Ancient of Wonders
05:47 Tree of Life
06:10 Ancient of Wind
06:18 Tree of Eternity
06:18 Tree of Eternity
06:19 Tree of Eternity
07:55 Ancient of Wind
08:29 Moon Well
13:40 Chimaera Roost
13:40 Chimaera Roost
19:33 Moon Well
19:34 Moon Well
22:23 Tree of Life
22:27 Ancient Protector
22:58 Tree of Life
» items
                
                | Staff of Preservation | 2 |  | 
| Pendant of Energy | 2 |  | 
| Replenishment Potion | 1 |  | 
| Orb of Venom | 1 |  | 
| Lesser Clarity Potion | 1 |  | 
| Khadgar's Pipe of Insight | 1 |  | 
| Warsong Battle Drums | 1 |  | 
| Cloak of Flames | 1 |  | 
| Medallion of Courage | 1 |  | 
| Scroll of Town Portal | 2 |  | 
                13 total
  
               
              
              
JaEdOnG420 (
purple | 74 APM | 2544 actions | 34:24)
              
 7 Blademaster 
 3 Critical Strike
 3 Wind Walk
 1 Bladestorm
 6 Shadow Hunter 
 2 Hex
 3 Healing Wave
 1 Big Bad Voodoo
 
                » actions 
                
                | Assign group hotkey | 26 |  | 
| Basic commands | 82 |  | 
| Build / train | 67 |  | 
| Enter build submenu | 34 |  | 
| Enter hero's abilities submenu | 13 |  | 
| Give item / drop item | 9 |  | 
| Right click | 976 |  | 
| Select / deselect | 219 |  | 
| Select group hotkey | 958 |  | 
| Use ability | 160 |  | 
                2544 total
 » units 
                
                | Peon | 11 |  | 
| Wind Rider | 9 |  | 
| Goblin Shredder | 1 |  | 
| Goblin Zeppelin | 1 |  | 
| Raider | 1 |  | 
| Troll Batrider | 5 |  | 
                28 total
 » upgrades
                
                | Ranged Weapons | 3 |  | 
| Envenomed Spears | 1 |  | 
| Armor | 3 |  | 
| Reinforced Defenses | 1 |  | 
| Spiked Barricades | 1 |  | 
                9 total
 » buildings
                
                | Altar of Storms | 1 |  | 
| Orc Burrow | 10 |  | 
| Voodoo Lounge | 2 |  | 
| Stronghold | 2 |  | 
| War Mill | 1 |  | 
| Beastiary | 3 |  | 
| Fortress | 1 |  | 
| Great Hall | 2 |  | 
| Watch Tower | 30 |  | 
                52 total
 » build order
                00:18 Altar of Storms
00:25 Orc Burrow
00:46 Voodoo Lounge
02:47 Stronghold
03:19 War Mill
03:22 Orc Burrow
03:25 Orc Burrow
03:28 Orc Burrow
04:11 Orc Burrow
04:19 Orc Burrow
05:10 Beastiary
05:12 Beastiary
08:24 Orc Burrow
08:32 Fortress
09:13 Great Hall
10:41 Watch Tower
10:42 Watch Tower
10:42 Watch Tower
12:23 Watch Tower
12:24 Watch Tower
12:24 Watch Tower
18:25 Great Hall
18:26 Watch Tower
18:27 Watch Tower
18:28 Watch Tower
18:29 Watch Tower
18:31 Watch Tower
18:32 Watch Tower
18:32 Watch Tower
18:33 Watch Tower
18:34 Watch Tower
18:35 Watch Tower
18:35 Watch Tower
18:36 Watch Tower
18:38 Watch Tower
18:39 Watch Tower
18:40 Watch Tower
18:43 Watch Tower
18:44 Watch Tower
18:45 Watch Tower
18:47 Watch Tower
18:48 Watch Tower
24:07 Beastiary
24:08 Watch Tower
24:09 Watch Tower
24:14 Orc Burrow
24:16 Orc Burrow
25:28 Watch Tower
25:29 Watch Tower
31:36 Orc Burrow
31:39 Stronghold
32:44 Voodoo Lounge
» items
                
                | Healing Salve | 2 |  | 
| Orb of Lightning | 1 |  | 
| Boots of Speed | 1 |  | 
| Staff of Teleportation | 1 |  | 
| Legion Doom-Horn | 1 |  | 
| Sobi Mask | 1 |  | 
| Claws of Attack +12 | 2 |  | 
| Boots of Quel'Thalas +6 | 2 |  | 
                11 total
  
               
              
              
JulyBack2TheSty (
blue | 104 APM | 3584 actions | 34:24)
              
 5 Archmage 
 3 Summon Water Elemental
 2 Brilliance Aura
 5 Mountain King 
 3 Storm Bolt
 2 Bash
 4 Paladin 
 2 Holy Light
 2 Divine Shield
 
                » actions 
                
                | Assign group hotkey | 224 |  | 
| Basic commands | 47 |  | 
| Build / train | 156 |  | 
| Enter build submenu | 128 |  | 
| Enter hero's abilities submenu | 14 |  | 
| Give item / drop item | 9 |  | 
| Remove unit from queue | 4 |  | 
| Right click | 1497 |  | 
| Select / deselect | 740 |  | 
| Select group hotkey | 429 |  | 
| Use ability | 336 |  | 
                3584 total
 » units 
                
                | Peasant | 31 |  | 
| Goblin Zeppelin | 1 |  | 
| Dragonhawk Rider | 5 |  | 
| Goblin Shredder | 1 |  | 
                38 total
 » upgrades
                
                | Masonry | 3 |  | 
| Lumber Harvesting | 2 |  | 
| Swords | 3 |  | 
| Armor | 4 |  | 
| Magic Sentry | 1 |  | 
| Gunpowder | 2 |  | 
| Plating | 2 |  | 
| Flak Cannons | 1 |  | 
| Fragmentation Shards | 1 |  | 
| Flying Machine Bombs | 1 |  | 
| Flare | 1 |  | 
| Barrage | 1 |  | 
                22 total
 » buildings
                
                | Altar of Kings | 1 |  | 
| Farm | 7 |  | 
| Lumber Mill | 1 |  | 
| Scout Tower | 141 |  | 
| Arcane Tower | 2 |  | 
| Arcane Vault | 4 |  | 
| Keep | 1 |  | 
| Guard Tower | 55 |  | 
| Blacksmith | 1 |  | 
| Town Hall | 3 |  | 
| Castle | 1 |  | 
| Arcane Sanctum | 1 |  | 
| Gryphon Aviary | 1 |  | 
| Barracks | 1 |  | 
| Workshop | 5 |  | 
                225 total
 » build order
                00:06 Altar of Kings
00:18 Farm
00:34 Lumber Mill
00:41 Farm
01:28 Farm
02:01 Scout Tower
02:54 Arcane Tower
03:21 Arcane Vault
04:39 Keep
04:49 Scout Tower
05:45 Guard Tower
05:49 Scout Tower
06:17 Guard Tower
06:20 Blacksmith
06:22 Scout Tower
07:12 Farm
07:12 Farm
07:24 Town Hall
07:34 Castle
08:04 Guard Tower
08:06 Scout Tower
08:08 Arcane Sanctum
08:11 Gryphon Aviary
08:32 Farm
08:33 Guard Tower
08:35 Scout Tower
08:42 Scout Tower
08:43 Scout Tower
08:45 Scout Tower
08:46 Scout Tower
09:07 Guard Tower
09:10 Scout Tower
09:32 Scout Tower
09:32 Scout Tower
10:23 Guard Tower
10:24 Guard Tower
10:25 Scout Tower
10:34 Guard Tower
11:09 Scout Tower
11:10 Scout Tower
11:13 Guard Tower
11:14 Scout Tower
11:15 Scout Tower
11:17 Guard Tower
11:18 Scout Tower
11:19 Scout Tower
11:20 Scout Tower
11:20 Scout Tower
12:07 Guard Tower
12:09 Scout Tower
12:09 Scout Tower
12:17 Scout Tower
12:18 Scout Tower
12:18 Scout Tower
13:05 Arcane Tower
13:09 Farm
13:17 Guard Tower
14:38 Barracks
14:53 Guard Tower
14:55 Scout Tower
14:56 Scout Tower
15:25 Town Hall
15:33 Scout Tower
15:34 Scout Tower
15:35 Scout Tower
15:36 Scout Tower
15:37 Scout Tower
15:38 Scout Tower
15:40 Scout Tower
15:41 Scout Tower
15:42 Scout Tower
15:52 Guard Tower
15:53 Scout Tower
15:54 Scout Tower
17:16 Guard Tower
17:18 Scout Tower
17:18 Scout Tower
19:32 Guard Tower
19:57 Arcane Vault
20:04 Scout Tower
20:06 Scout Tower
20:50 Scout Tower
20:51 Scout Tower
20:52 Guard Tower
21:03 Guard Tower
21:05 Scout Tower
21:06 Scout Tower
21:10 Scout Tower
21:11 Scout Tower
21:34 Guard Tower
21:47 Guard Tower
21:49 Scout Tower
21:50 Scout Tower
21:59 Guard Tower
22:01 Scout Tower
22:05 Guard Tower
22:06 Scout Tower
22:07 Scout Tower
22:44 Guard Tower
22:45 Scout Tower
22:50 Town Hall
22:56 Guard Tower
23:00 Scout Tower
23:01 Guard Tower
23:02 Scout Tower
23:11 Scout Tower
23:12 Scout Tower
23:15 Scout Tower
23:16 Scout Tower
23:37 Guard Tower
23:37 Guard Tower
23:45 Guard Tower
23:46 Scout Tower
23:51 Guard Tower
23:52 Scout Tower
23:59 Arcane Vault
24:00 Scout Tower
24:01 Scout Tower
24:02 Scout Tower
24:17 Scout Tower
24:18 Scout Tower
24:19 Scout Tower
24:19 Scout Tower
24:20 Scout Tower
24:20 Scout Tower
24:22 Guard Tower
24:26 Guard Tower
24:36 Scout Tower
24:37 Scout Tower
24:38 Scout Tower
24:39 Scout Tower
25:09 Guard Tower
25:10 Scout Tower
25:11 Scout Tower
25:12 Scout Tower
25:13 Guard Tower
25:36 Guard Tower
25:36 Guard Tower
25:37 Guard Tower
25:38 Scout Tower
25:39 Scout Tower
26:09 Guard Tower
26:10 Scout Tower
26:11 Scout Tower
26:27 Guard Tower
26:28 Scout Tower
26:29 Scout Tower
26:30 Scout Tower
26:30 Scout Tower
27:24 Guard Tower
27:27 Scout Tower
27:28 Scout Tower
27:42 Guard Tower
27:45 Scout Tower
27:46 Scout Tower
27:46 Scout Tower
27:47 Scout Tower
27:48 Scout Tower
27:48 Scout Tower
27:49 Guard Tower
28:05 Scout Tower
28:05 Scout Tower
28:11 Workshop
28:12 Workshop
28:13 Workshop
28:14 Workshop
28:16 Guard Tower
28:18 Scout Tower
28:19 Scout Tower
28:58 Guard Tower
29:00 Scout Tower
29:01 Scout Tower
29:06 Scout Tower
29:08 Scout Tower
29:27 Guard Tower
30:01 Guard Tower
30:06 Scout Tower
30:08 Scout Tower
30:10 Scout Tower
30:25 Scout Tower
30:26 Scout Tower
30:27 Scout Tower
30:27 Scout Tower
30:28 Scout Tower
30:29 Scout Tower
30:41 Guard Tower
30:43 Scout Tower
30:52 Workshop
31:04 Guard Tower
31:05 Scout Tower
31:06 Scout Tower
31:17 Guard Tower
31:19 Scout Tower
31:19 Scout Tower
31:24 Scout Tower
31:25 Scout Tower
31:37 Guard Tower
32:01 Guard Tower
32:35 Guard Tower
32:37 Scout Tower
32:57 Scout Tower
32:58 Scout Tower
32:59 Scout Tower
33:25 Scout Tower
33:26 Scout Tower
33:27 Scout Tower
33:27 Scout Tower
33:28 Scout Tower
33:28 Scout Tower
33:41 Guard Tower
34:06 Guard Tower
34:12 Scout Tower
34:13 Scout Tower
34:14 Scout Tower
34:14 Scout Tower
34:15 Scout Tower
34:16 Scout Tower
34:18 Arcane Vault
34:22 Scout Tower
34:22 Scout Tower
34:23 Scout Tower
34:23 Scout Tower
34:24 Scout Tower
» items
                
                | Scroll of Regeneration | 2 |  | 
| Circlet of Nobility | 1 |  | 
| Boots of Speed | 3 |  | 
| Staff of Teleportation | 3 |  | 
| Ring of Protection +2 | 1 |  | 
| Healing Wards | 1 |  | 
| Scroll of Town Portal | 1 |  | 
| Staff of Sanctuary | 1 |  | 
| Belt of Giant Strength +6 | 1 |  | 
                14 total
  
               team 2 (loser) 
              
              
ArdT-foRSeR (
orange | 51 APM | 1763 actions | 34:23)
              
 5 Mountain King 
 1 Thunder Clap
 3 Storm Bolt
 1 Bash
 2 Paladin 
 1 Devotion Aura
 1 Divine Shield
 2 Archmage 
 1 Brilliance Aura
 1 Summon Water Elemental
 
                » actions 
                
                | Assign group hotkey | 32 |  | 
| Basic commands | 102 |  | 
| Build / train | 73 |  | 
| ESC pressed | 1 |  | 
| Enter build submenu | 33 |  | 
| Enter hero's abilities submenu | 10 |  | 
| Give item / drop item | 4 |  | 
| Remove unit from queue | 1 |  | 
| Right click | 489 |  | 
| Select / deselect | 517 |  | 
| Select group hotkey | 452 |  | 
| Use ability | 48 |  | 
                1763 total
 » units 
                
                | Peasant | 15 |  | 
| Footman | 4 |  | 
| Goblin Zeppelin | 2 |  | 
| Gryphon Rider | 15 |  | 
| Knight | 1 |  | 
                37 total
 » upgrades
                
                | Lumber Harvesting | 2 |  | 
| Storm Hammers | 1 |  | 
| Animal War Training | 1 |  | 
| Swords | 3 |  | 
| Plating | 3 |  | 
| Masonry | 3 |  | 
| Armor | 1 |  | 
                14 total
 » buildings
                
                | Altar of Kings | 1 |  | 
| Barracks | 2 |  | 
| Farm | 13 |  | 
| Lumber Mill | 1 |  | 
| Blacksmith | 2 |  | 
| Keep | 1 |  | 
| Scout Tower | 2 |  | 
| Arcane Vault | 1 |  | 
| Guard Tower | 1 |  | 
| Arcane Tower | 1 |  | 
| Castle | 1 |  | 
| Gryphon Aviary | 3 |  | 
| Town Hall | 1 |  | 
                30 total
 » build order
                00:13 Altar of Kings
00:24 Barracks
00:30 Farm
01:23 Farm
02:01 Farm
02:57 Lumber Mill
03:04 Blacksmith
03:10 Blacksmith
03:30 Keep
04:10 Farm
05:20 Scout Tower
05:30 Scout Tower
05:32 Farm
05:46 Arcane Vault
05:49 Guard Tower
06:20 Arcane Tower
07:11 Farm
07:18 Castle
07:42 Gryphon Aviary
07:48 Gryphon Aviary
07:55 Gryphon Aviary
08:17 Barracks
08:27 Farm
09:10 Farm
11:58 Farm
11:59 Farm
12:00 Farm
12:45 Town Hall
17:05 Farm
17:06 Farm
» items
                
                | Scroll of Regeneration | 2 |  | 
| Lesser Clarity Potion | 1 |  | 
| Alleria's Flute of Accuracy | 1 |  | 
| Periapt of Vitality | 1 |  | 
                5 total
  
               
              
              
aRDt_IIIaJIyN (
red | 50 APM | 1697 actions | 34:05)
              
 5 Death Knight 
 3 Death Coil
 2 Unholy Aura
 2 Lich 
 1 Frost Nova
 1 Frost Armor
 
                » actions 
                
                | Basic commands | 20 |  | 
| Build / train | 62 |  | 
| Enter build submenu | 19 |  | 
| Enter hero's abilities submenu | 7 |  | 
| Give item / drop item | 6 |  | 
| Right click | 900 |  | 
| Select / deselect | 578 |  | 
| Use ability | 104 |  | 
                1697 total
 » units 
                
                | Acolyte | 8 |  | 
| Ghoul | 3 |  | 
| Crypt Fiend | 7 |  | 
| Goblin Zeppelin | 3 |  | 
| Obsidian Statue | 13 |  | 
                34 total
 » upgrades
                
                | Web | 1 |  | 
| Destroyer Form | 1 |  | 
| Creature Carapace | 1 |  | 
| Creature Attack | 2 |  | 
                5 total
 » buildings
                
                | Crypt | 1 |  | 
| Graveyard | 1 |  | 
| Altar of Darkness | 1 |  | 
| Ziggurat | 9 |  | 
| Tomb of Relics | 1 |  | 
| Halls of the Dead | 1 |  | 
| Black Citadel | 1 |  | 
| Slaughterhouse | 2 |  | 
| Sacrificial Pit | 1 |  | 
| Nerubian Tower | 1 |  | 
                19 total
 » build order
                00:33 Crypt
00:37 Graveyard
00:51 Altar of Darkness
00:56 Ziggurat
01:10 Tomb of Relics
02:20 Ziggurat
03:33 Halls of the Dead
04:14 Ziggurat
07:06 Black Citadel
07:48 Slaughterhouse
07:51 Slaughterhouse
09:44 Ziggurat
09:47 Ziggurat
12:07 Ziggurat
12:20 Sacrificial Pit
12:34 Ziggurat
13:46 Ziggurat
14:34 Ziggurat
14:38 Nerubian Tower
» items
                
                | Rod of Necromancy | 2 |  | 
| Dust of Appearance | 1 |  | 
| Potion of Healing | 3 |  | 
| Potion of Mana | 1 |  | 
| Health Stone | 1 |  | 
| Ancient Janggo of Endurance | 1 |  | 
| Legion Doom-Horn | 1 |  | 
| Hood of Cunning | 1 |  | 
                11 total
  
               
              
              
Deified (
pink | 33 APM | 1147 actions | 34:18)
              
 5 Paladin 
 3 Holy Light
 2 Devotion Aura
 4 Mountain King 
 2 Storm Bolt
 2 Thunder Clap
 
                » actions 
                
                | Assign group hotkey | 5 |  | 
| Basic commands | 46 |  | 
| Build / train | 63 |  | 
| Enter build submenu | 22 |  | 
| Enter hero's abilities submenu | 9 |  | 
| Give item / drop item | 1 |  | 
| Remove unit from queue | 4 |  | 
| Right click | 450 |  | 
| Select / deselect | 448 |  | 
| Select group hotkey | 21 |  | 
| Use ability | 78 |  | 
                1147 total
 » units 
                
                | Peasant | 4 |  | 
| Footman | 3 |  | 
| Rifleman | 5 |  | 
| Priest | 5 |  | 
| Goblin Zeppelin | 2 |  | 
| Gryphon Rider | 10 |  | 
                29 total
 » upgrades
                
                | Lumber Harvesting | 2 |  | 
| Swords | 3 |  | 
| Storm Hammers | 1 |  | 
| Plating | 2 |  | 
| Armor | 3 |  | 
                11 total
 » buildings
                
                | Altar of Kings | 1 |  | 
| Farm | 11 |  | 
| Barracks | 1 |  | 
| Keep | 1 |  | 
| Blacksmith | 1 |  | 
| Arcane Vault | 1 |  | 
| Lumber Mill | 1 |  | 
| Arcane Sanctum | 1 |  | 
| Gryphon Aviary | 2 |  | 
| Castle | 1 |  | 
| Town Hall | 1 |  | 
                22 total
 » build order
                00:05 Altar of Kings
00:07 Farm
00:22 Barracks
01:12 Farm
02:56 Keep
03:17 Farm
03:21 Blacksmith
04:24 Arcane Vault
04:57 Lumber Mill
06:12 Arcane Sanctum
06:16 Farm
08:01 Farm
10:47 Gryphon Aviary
10:48 Gryphon Aviary
10:50 Castle
12:11 Farm
12:53 Town Hall
13:09 Farm
13:48 Farm
25:24 Farm
26:41 Farm
28:09 Farm
» items
                
                | Lesser Clarity Potion | 2 |  | 
| Scroll of Regeneration | 2 |  | 
| Orb of Fire | 1 |  | 
| Scroll of Town Portal | 1 |  | 
                6 total
  
               
              
              
Logan_W7 (
yellow | 29 APM | 993 actions | 34:08)
              
 5 Mountain King 
 3 Storm Bolt
 2 Bash
 1 Archmage 
 1 Blizzard
 
                » actions 
                
                | Assign group hotkey | 23 |  | 
| Basic commands | 86 |  | 
| Build / train | 54 |  | 
| Enter build submenu | 15 |  | 
| Enter hero's abilities submenu | 6 |  | 
| Give item / drop item | 1 |  | 
| Right click | 351 |  | 
| Select / deselect | 280 |  | 
| Select group hotkey | 129 |  | 
| Use ability | 48 |  | 
                993 total
 » units 
                
                | Peasant | 4 |  | 
| Footman | 4 |  | 
| Goblin Zeppelin | 3 |  | 
| Spell Breaker | 6 |  | 
| Sorceress | 4 |  | 
| Gryphon Rider | 9 |  | 
                30 total
 » upgrades
                
                | Lumber Harvesting | 2 |  | 
| Swords | 3 |  | 
| Plating | 2 |  | 
| Masonry | 2 |  | 
| Storm Hammers | 1 |  | 
| Armor | 2 |  | 
                12 total
 » buildings
                
                | Altar of Kings | 1 |  | 
| Farm | 11 |  | 
| Barracks | 1 |  | 
| Lumber Mill | 1 |  | 
| Keep | 1 |  | 
| Arcane Vault | 1 |  | 
| Blacksmith | 1 |  | 
| Arcane Sanctum | 2 |  | 
| Scout Tower | 5 |  | 
| Castle | 1 |  | 
| Guard Tower | 1 |  | 
| Gryphon Aviary | 2 |  | 
| Town Hall | 1 |  | 
                29 total
 » build order
                00:09 Altar of Kings
00:15 Farm
00:19 Barracks
00:51 Farm
01:25 Farm
02:36 Lumber Mill
03:24 Keep
03:58 Arcane Vault
04:12 Blacksmith
06:47 Arcane Sanctum
06:48 Arcane Sanctum
07:22 Farm
07:23 Farm
07:25 Farm
12:17 Scout Tower
12:20 Scout Tower
12:22 Scout Tower
12:26 Scout Tower
12:33 Scout Tower
12:42 Castle
16:55 Guard Tower
20:39 Gryphon Aviary
20:40 Gryphon Aviary
25:17 Farm
25:18 Farm
29:12 Farm
29:13 Farm
29:14 Farm
29:20 Town Hall
» items
                 
                Chat log
          
(01:45 / Allies) JaEdOnG420: c&c
(04:26 / All) BigBadManToss: Logan Mat Cutter 3000
(04:27 / All) BisuBadHairDay: come on
(04:34 / All) Logan_W7: .!.
(13:55 / Allies) BisuBadHairDay: diggy django
(13:58 / Allies) BisuBadHairDay: reinhardt
(31:51 / All) BisuBadHairDay: Logan . . .
(32:52 / Allies) JaEdOnG420: bear_hand
(33:03 / All) BigBadManToss: ?
(33:04 / All) BigBadManToss:  
(33:57 / All) JulyBack2TheSty: u noob?
(33:59 / All) BigBadManToss: this your first game?
(34:05 / All) BigBadManToss: i mean Come On
(34:09 / All) JulyBack2TheSty: devoured by july
(34:17 / All) Deified: you are sucks